Map: Frozen Temple

Players

Miszu - Winner!

  • Race: Terran Terran
  • League: Grandmaster

Jage

  • Race: Protoss Protoss
  • League: Grandmaster

VOD

Have the link to the VOD?

Description

Time

  • Played on: May 27, 2016, 1:56 p.m.
  • Length: 10:38
Show
View Real Time Build Order
Export as new Build Order

Miszu Terran - Winner!

Build Orders: Reaper Expand, MMM Bio 

Get SALT Encoding   

  12  0:01  SCV  
  13  0:13  SCV  
  14  0:18  Supply Depot  
  14  0:25  SCV  
  15  0:39  SCV  
  15  0:41  Barracks  
  16  0:44  Refinery  
  16  0:52  SCV  
  17  1:04  SCV  
  18  1:16  SCV  
  19  1:28  Orbital Command  
  19  1:29  Reaper  
  20  1:43  Command Center  
  20  1:53  Supply Depot, SCV  
  21  2:01  Barracks Reactor  
  21  2:07  SCV  
  22  2:09  Bunker  
  22  2:22  SCV  
  23  2:24  Engineering Bay  
  23  2:27  Barracks  
  23  2:35  SCV  
  24  2:37  Marine x2  
  26  2:47  SCV  
  27  2:55  Marine x2  
  29  3:00  Orbital Command  
  29  3:03  SCV  
  30  3:13  Marine  
  30  3:15  SCV  
  30  3:17  Marine  
  32  3:25  SCV  
  29  3:27  SCV  
  29  3:29  Barracks Tech Lab  
  29  3:32  Terran Infantry Weapons Level 1  
  29  3:34  Marine  
  29  3:38  SCV  
  29  3:40  SCV  
  29  3:44  Missile Turret  
  29  3:46  Marine  
  28  3:48  Marine  
  28  3:50  SCV  
  28  3:52  SCV  
  31  3:57  Marine  
  31  4:01  Stimpack  
  31  4:02  SCV  
  33  4:05  Marine  
  33  4:09  Marine, SCV  
  36  4:14  SCV  
  36  4:15  Marine  
  38  4:21  SCV  
  38  4:23  Missile Turret  
  38  4:24  Bunker  
  38  4:26  SCV  
  36  4:38  Marine  
  36  4:39  Marine, SCV x2  
  36  4:42  Marauder  
  42  4:54  Supply Depot  
  42  4:56  Marine  
  42  4:57  Marine  
  42  5:03  SCV  
  42  5:04  Factory  
  43  5:07  SCV  
  43  5:18  SCV  
  43  5:19  Marine x2, Marauder  
  45  5:37  Marine x2  
  45  5:38  SCV  
  45  5:41  Marauder  
  50  5:45  Supply Depot  
  50  5:48  Widow Mine  
  52  5:50  Starport  
  44  6:15  Missile Turret  
  40  6:25  SCV x2  
  39  6:35  Widow Mine  
  39  6:37  SCV x2  
  39  6:39  Marine  
  43  6:40  Marine  
  43  6:44  Supply Depot, Refinery  
  45  6:49  SCV x2  
  45  6:52  Liberator  
  39  7:01  SCV  
  39  7:02  Marine  
  39  7:03  Marine x2  
  36  7:12  SCV  
  36  7:13  SCV  
  41  7:20  Marine  
  41  7:21  Marine x2  
  39  7:38  Marine x3  
  40  7:53  Missile Turret  
  40  7:54  Medivac  
  40  7:56  Marine x2  
  40  7:57  Marauder  
  46  7:59  SCV  
  45  8:06  SCV  
  45  8:11  SCV, Combat Shields  
  47  8:14  Marine x2  
  47  8:18  Marine, SCV  
  47  8:19  Widow Mine  
  47  8:29  SCV  
  47  8:30  SCV  
  47  8:31  Marine  
  47  8:32  Marine  
  47  8:34  Barracks  
  50  8:35  Marine, Barracks  
  49  8:49  Marine  
  49  8:53  Marine  
  46  9:04  Marine  
  38  9:11  Marine  
  36  9:20  Marine  
  36  9:21  Marine, Medivac  
  36  9:22  Marine  
  40  9:29  Marine  
  41  9:31  Widow Mine  
  41  9:32  SCV  
  41  9:33  SCV  
  41  9:38  Marine  
  44  9:39  Marine  
  44  9:40  Marine  
  44  9:44  SCV  
  48  9:47  Marine  
  49  9:54  SCV  
  49  9:56  Marine  
  49  9:57  Marine, SCV  
  49  9:58  Marine  
  54  10:10  Marine  
  54  10:14  Marine  
  53  10:15  Marine  
Show
View Real Time Build Order
Export as new Build Order

Jage Protoss 

Build Orders: Oracle Opening 

Get SALT Encoding   

  12  0:00  Probe (Chrono Boost)  
  13  0:11  Probe (Chrono Boost)  
  14  0:19  Pylon  
  14  0:22  Probe (Chrono Boost)  
  15  0:37  Probe (Chrono Boost)  
  15  0:38  Gateway  
  16  0:48  Probe (Chrono Boost)  
  17  0:51  Assimilator  
  17  0:52  Assimilator  
  17  0:58  Probe (Chrono Boost)  
  18  1:10  Probe (Chrono Boost)  
  19  1:20  Probe (Chrono Boost)  
  19  1:25  Cybernetics Core  
  20  1:31  Probe (Chrono Boost)  
  22  1:47  Probe (Chrono Boost)  
  22  1:48  Pylon  
  22  1:50  Pylon  
  22  2:07  Adept, Mothership Core (Chrono Boost)  
  26  2:13  Stargate  
  26  2:15  Gateway  
  26  2:23  Warp Gate (Chrono Boost)  
  26  2:25  Probe  
  27  2:32  Gateway  
  27  2:34  Adept  
  29  2:51  Pylon  
  29  2:52  Pylon  
  29  2:54  Pylon  
  29  3:02  Oracle (Chrono Boost)  
  29  3:34  Oracle (Chrono Boost)  
  32  3:43  Probe  
  28  3:55  Probe  
  27  4:08  Oracle  
  29  4:21  Adept x3  
  36  4:24  Probe  
  33  4:40  Probe  
  33  4:43  Gateway  
  33  4:44  Adept  
  33  4:45  Adept  
  38  4:50  Pylon  
  38  4:51  Pylon  
  38  5:17  Oracle (Chrono Boost)  
  38  5:18  Adept  
  38  5:19  Adept x2  
  41  5:42  Adept x4  
  31  6:13  Adept x4  
  31  6:14  Oracle (Chrono Boost)  
  40  6:34  Adept  
  40  6:35  Adept x3  
  46  7:07  Adept x4  
  47  7:22  Void Ray (Chrono Boost)  
  35  7:43  Adept  
  35  7:44  Adept x3  
  35  8:04  Adept x3  
  39  8:05  Adept  
  41  8:24  Void Ray (Chrono Boost)  
  43  8:33  Adept  
  43  8:34  Adept  
  47  8:53  Adept x2  
  39  9:13  Void Ray (Chrono Boost)  
  39  9:24  Adept x2  
  39  9:42  Adept  
  39  9:44  Adept  
  37  10:17  Adept x3  
Tags
 
Add a new tag
Caveats
  • Supply blocks, unpowered buildings, or Contaminate may cause inaccurate times.
  • Supply counts are checked every 10 seconds.